Map: Sequencer LE

Players

stakiimaN (stakimaN)

  • Race: Zerg Zerg
  • Spawn Location: 1:00

HateMe - Winner!

  • Race: Zerg Zerg
  • Spawn Location: 7:00

Event: WCS Valencia 2017

VOD

Have the link to the VOD?

Description

Time

  • Played on: July 13, 2017, 11:20 a.m.
  • Length: 11:48

All games in this series

Show
View Real Time Build Order
Export as new Build Order

stakiimaN Zerg 

Build Orders: Hatch First 

Get SALT Encoding   

  12  0:00  Drone  
  13  0:11  Overlord  
  13  0:16  Drone  
  14  0:30  Drone x2  
  14  0:33  Drone  
  17  0:52  Hatchery  
  17  0:54  Drone  
  17  0:57  Drone  
  18  1:08  Extractor  
  17  1:12  Spawning Pool  
  17  1:15  Drone  
  17  1:19  Drone  
  18  1:29  Drone  
  19  1:38  Overlord  
  19  1:59  Queen, Drone  
  19  2:00  Drone  
  23  2:04  Queen, Drone  
  23  2:07  Metabolic Boost  
  26  2:11  Zergling x2  
  26  2:15  Zergling x2  
  28  2:21  Drone  
  29  2:25  Drone  
  30  2:33  Zergling x2  
  30  2:36  Queen  
  33  2:37  Drone  
  33  2:42  Overlord  
  34  2:47  Drone  
  35  2:53  Drone  
  36  3:00  Drone  
  36  3:04  Drone  
  36  3:05  Spine Crawler  
  37  3:06  Extractor  
  37  3:08  Zergling x2  
  37  3:09  Zergling x6, Spine Crawler  
  38  3:14  Baneling Nest  
  38  3:16  Zergling x2  
  38  3:19  Zergling x2  
  39  3:25  Overlord  
  39  3:36  Lair  
  39  3:38  Drone x3  
  39  3:40  Drone  
  43  3:42  Extractor  
  43  3:44  Drone  
  43  3:47  Drone  
  43  3:48  Drone  
  45  3:50  Drone  
  45  3:53  Drone  
  47  3:56  Drone  
  47  4:01  Baneling  
  47  4:02  Drone  
  49  4:06  Drone  
  49  4:11  Overlord  
  49  4:15  Drone  
  50  4:20  Extractor x2  
  50  4:21  Drone  
  49  4:25  Drone  
  49  4:29  Drone  
  49  4:30  Drone x2  
  53  4:33  Drone  
  53  4:34  Hatchery  
  53  4:43  Drone  
  53  4:44  Spire  
  53  4:45  Drone x2  
  55  4:48  Drone  
  55  4:49  Drone  
  57  4:59  Drone  
  59  5:00  Drone x2  
  54  5:10  Drone x5  
  59  5:15  Zergling x2  
  60  5:27  Evolution Chamber  
  59  5:31  Evolution Chamber  
  59  5:33  Roach Warren  
  57  5:51  Drone x5  
  57  5:52  Drone x2  
  57  5:56  Extractor, Mutalisk  
  65  5:58  Overlord x3  
  65  5:59  Overlord  
  65  6:00  Zerg Ground Armor Level 1, Zerg Missile Weapons Level 1  
  65  6:12  Hydralisk Den  
  65  6:13  Mutalisk  
  66  6:18  Glial Reconstitution  
  66  6:19  Drone x2  
  66  6:20  Drone x6  
  66  6:23  Mutalisk x3  
  80  6:27  Roach x3  
  80  6:32  Overlord x2  
  86  6:35  Roach  
  86  6:36  Roach  
  86  6:39  Roach  
  92  6:41  Roach  
  92  6:45  Muscular Augments  
  92  6:46  Overlord  
  94  6:48  Hydralisk  
  94  6:51  Hydralisk  
  94  6:53  Hydralisk  
  100  6:55  Hydralisk  
  100  6:57  Unknown  
  100  6:58  Overlord  
  102  7:03  Hydralisk x2  
  106  7:08  Hydralisk x2  
  106  7:11  Hydralisk x2  
  106  7:13  Hydralisk  
  116  7:15  Hydralisk  
  116  7:20  Roach x2  
  116  7:22  Roach  
  124  7:24  Roach x2  
  124  7:27  Roach  
  124  7:28  Overlord  
  130  7:30  Overlord  
  130  7:38  Overlord  
  130  7:42  Overlord x2  
  130  7:49  Roach  
  130  7:50  Roach x6  
  144  7:57  Roach  
  146  7:59  Zerg Missile Weapons Level 2  
  146  8:05  Zerg Ground Armor Level 2  
  146  8:09  Overlord  
  146  8:13  Hydralisk x2  
  146  8:19  Hydralisk x2  
  152  8:23  Hydralisk  
  152  8:24  Hatchery  
  155  8:27  Overlord x3  
  155  8:30  Hydralisk  
  155  8:33  Roach  
  155  8:34  Hydralisk  
  159  8:37  Hydralisk  
  159  8:40  Hydralisk  
  165  8:52  Hydralisk  
  165  8:53  Hydralisk x2  
  171  8:56  Overseer  
  171  9:02  Hydralisk x2  
  175  9:08  Hydralisk  
  177  9:16  Roach x4  
  185  9:20  Overlord x3  
  172  9:33  Roach  
  172  9:35  Roach x6  
  172  9:36  Roach  
  172  9:37  Roach  
  146  9:43  Roach x3  
  128  9:55  Roach x9  
  146  10:16  Extractor  
  146  10:17  Ravager x2  
  146  10:18  Ravager x2  
  149  10:21  Roach  
  149  10:22  Extractor, Roach x3  
  155  10:46  Ravager  
  155  10:47  Ravager x3  
  158  10:57  Roach  
  158  10:58  Roach x9  
  178  11:10  Ravager x3  
  181  11:14  Roach  
  179  11:19  Roach  
  179  11:20  Roach x6  
  179  11:21  Roach  
  179  11:24  Roach  
  195  11:26  Roach  
  195  11:27  Roach  
  195  11:29  Roach  
Show
View Real Time Build Order
Export as new Build Order

HateMe Zerg - Winner!

Build Orders: Hatch First, Lurkers 

Get SALT Encoding   

  12  0:02  Drone  
  13  0:12  Overlord  
  13  0:17  Drone  
  14  0:31  Drone x2  
  14  0:34  Drone  
  17  0:52  Hatchery  
  17  0:55  Drone  
  17  0:59  Drone  
  17  1:02  Extractor  
  17  1:13  Spawning Pool  
  17  1:17  Drone  
  17  1:23  Drone  
  18  1:28  Drone  
  19  1:40  Overlord  
  19  1:50  Drone  
  20  1:59  Queen  
  22  2:03  Metabolic Boost  
  22  2:04  Queen  
  24  2:08  Zergling x4  
  24  2:13  Zergling x2  
  27  2:17  Zergling x2  
  28  2:23  Zergling x2  
  28  2:28  Zergling x2  
  30  2:33  Overlord  
  30  2:38  Zergling x2  
  31  2:45  Zergling x2  
  32  3:00  Drone x3  
  35  3:07  Drone x4  
  35  3:08  Hatchery  
  38  3:18  Overlord  
  38  3:30  Drone x4  
  38  3:33  Baneling Nest  
  39  3:37  Drone  
  39  3:39  Drone  
  39  3:40  Overlord  
  41  3:46  Drone x2  
  41  3:47  Drone x3  
  46  3:49  Drone  
  47  3:56  Zergling x2  
  47  4:00  Zergling x2  
  49  4:09  Extractor  
  48  4:11  Evolution Chamber  
  48  4:13  Overlord  
  48  4:17  Baneling x2  
  47  4:21  Roach Warren, Drone x6  
  47  4:22  Drone  
  47  4:23  Drone  
  54  4:26  Queen  
  54  4:27  Drone  
  53  4:39  Zergling x6  
  55  4:47  Zergling x6  
  55  4:51  Zerg Ground Armor Level 1  
  56  4:53  Overlord  
  56  4:56  Drone x6  
  62  5:03  Drone  
  62  5:04  Drone  
  62  5:06  Lair  
  61  5:18  Overlord  
  61  5:19  Drone x2  
  61  5:20  Queen, Drone  
  66  5:24  Queen  
  66  5:28  Drone x3  
  71  5:29  Drone  
  71  5:30  Drone  
  72  5:36  Drone  
  72  5:37  Drone x4  
  76  5:44  Extractor x2  
  76  5:45  Extractor  
  76  5:47  Extractor  
  71  5:58  Queen  
  71  5:59  Queen  
  71  6:00  Overlord  
  71  6:02  Overlord  
  71  6:03  Drone  
  71  6:04  Drone x7  
  83  6:07  Hydralisk Den  
  83  6:09  Spore Crawler  
  83  6:10  Spore Crawler x2  
  79  6:14  Drone x6  
  79  6:16  Overseer  
  85  6:26  Drone  
  85  6:30  Overlord  
  85  6:31  Glial Reconstitution, Overlord x2  
  86  6:41  Hydralisk x4, Muscular Augments  
  86  6:42  Spore Crawler  
  86  6:46  Hydralisk x2  
  97  6:49  Roach x2  
  97  6:54  Overlord  
  101  6:55  Roach x2  
  101  6:59  Roach x2  
  109  7:04  Hydralisk  
  111  7:08  Hydralisk  
  113  7:16  Hatchery  
  113  7:18  Zerg Missile Weapons Level 1  
  111  7:26  Hydralisk  
  111  7:27  Hydralisk x2  
  117  7:32  Hydralisk  
  117  7:33  Hydralisk  
  121  7:39  Hydralisk  
  121  7:40  Hydralisk  
  125  7:47  Drone x3  
  125  7:50  Overlord x2  
  125  7:51  Overlord  
  128  8:03  Overlord  
  128  8:04  Overlord  
  128  8:08  Roach x2  
  128  8:09  Roach x7  
  145  8:14  Roach x4  
  145  8:16  Overlord x2  
  145  8:17  Overlord  
  153  8:26  Hydralisk  
  153  8:27  Hydralisk x2  
  153  8:29  Lurker Den  
  153  8:33  Overseer  
  159  8:34  Extractor  
  159  8:36  Roach x6  
  159  8:37  Roach x2  
  174  8:42  Roach  
  174  8:43  Roach x3  
  174  8:47  Roach x3  
  188  8:57  Overlord x2  
  186  9:12  Overlord  
  186  9:13  Zerg Missile Weapons Level 2  
  186  9:20  Ravager x3  
  186  9:22  Overseer  
  189  9:26  Roach x5  
  187  9:35  Roach x5  
  187  9:36  Roach x6  
  172  9:41  Roach x2  
  172  9:42  Roach x2  
  162  9:46  Roach x3  
  162  9:51  Hydralisk x2  
  170  9:56  Hydralisk x2  
  174  10:02  Hydralisk x2  
  178  10:08  Hydralisk x2  
  182  10:15  Overlord x3  
  182  10:23  Overseer  
  182  10:26  Overlord  
  182  10:34  Lurker x4  
  183  10:35  Lurker  
  183  10:44  Drone x2, Spine Crawler  
  183  10:45  Spine Crawler x2, Drone  
  183  10:46  Lurker x2  
  183  10:47  Spine Crawler  
  183  10:49  Spine Crawler  
  181  10:50  Hatchery  
  181  10:52  Lurker  
  181  10:58  Roach x5  
  191  11:10  Roach x4  
Tags
 
Add a new tag
Caveats
  • Supply blocks, unpowered buildings, or Contaminate may cause inaccurate times.
  • Supply counts are checked every 10 seconds.